3A
SYRACUSE STORM @ BELLEVILLE BULLS
09/03/2033
 
TOP OF THE 1ST
Syracuse Storm batting - Pitching for Belleville Bulls : RHP Yoshihide Hirata
Pitching: RHP Yoshihide Hirata
Batting: LHB Brenton Winston 0-0: Ball
1-0: Foul Ball, location: 2F
1-1: Ground out 5-3 (Groundball, 56)
Batting: SHB Franck Kooijmans 0-0: Swinging Strike
0-1: Called Strike
0-2: Ball
1-2: Ball
2-2: Strikes out swinging
Batting: LHB Tom Burton 0-0: Ball
1-0: Foul Ball, location: 2F
1-1: Ball
2-1: Foul Ball, location: 2F
2-2: Ball
3-2: Foul Ball, location: 2F
3-2: Foul Ball, location: 2F
3-2: Base on Balls
Batting: RHB Dale Goodman 0-0: Called Strike
0-1: Ball
1-1: Ball
2-1: Foul Ball, location: 2F
2-2: Foul Ball, location: 2F
2-2: Ball
3-2: Strikes out swinging
Top of the 1st over - 0 runs, 0 hits, 0 errors, 1 left on base; Syracuse 0 - Belleville 0
BOTTOM OF THE 1ST
Belleville Bulls batting - Pitching for Syracuse Storm : LHP Jorge Gonzáles
Pitching: LHP Jorge Gonzáles
Batting: SHB Júlio Moreno 0-0: Ball
1-0: Foul Ball, location: 2F
1-1: DOUBLE (Line Drive, 78D)
Batting: RHB Zack McLean 0-0: Ball
1-0: Fly out, F9 (Flyball, 9LMF)
Runner from 2nd tags up, SAFE at 3rd with throw
Batting: RHB Rey McSriff 0-0: Ball
1-0: Called Strike
1-1: Ground out 6-3 (Groundball, 6M)
Júlio Moreno scores
Batting: RHB Silvian Burger 0-0: Fly out, F4 (Popup, 3S)
Bottom of the 1st over - 1 run, 1 hit, 0 errors, 0 left on base; Syracuse 0 - Belleville 1
TOP OF THE 2ND
Syracuse Storm batting - Pitching for Belleville Bulls : RHP Yoshihide Hirata
Batting: RHB Dave Maxwell 0-0: Foul Ball, location: 2F
0-1: Ball
1-1: Ball
2-1: SINGLE (Groundball, 4MD)
Batting: RHB Sadakuno Hashimoto 0-0: Called Strike
0-1: Ball
1-1: Ball
2-1: Called Strike
2-2: Ball
3-2: Foul Ball, location: 2F
3-2: Base on Balls
Dave Maxwell to second
Batting: RHB Sylvester Robinson 0-0: Called Strike
0-1: Foul Ball, location: 2F
0-2: Foul Ball, location: 2F
0-2: Ball
1-2: Ball
2-2: Foul Ball, location: 2F
2-2: Foul Ball, location: 2F
2-2: Ball
3-2: Fly out, F8 (Line Drive, 8LXD)
Runner from 2nd tags up, SAFE at 3rd, no throw
Batting: RHB Adrián Medina 0-0: Ball
1-0: SINGLE (Line Drive, 89M)
Dave Maxwell scores
Sadakuno Hashimoto to second
Batting: RHB Nelson Morán 0-0: Swinging Strike
0-1: SINGLE (Line Drive, 9LS)
Sadakuno Hashimoto to third
Adrián Medina to second
Batting: LHB Brenton Winston 0-0: Foul Ball, location: 2F
0-1: Ball
1-1: Ball
2-1: SINGLE (Groundball, 3S) (infield hit)
Sadakuno Hashimoto scores
Adrián Medina to third
Nelson Morán to second
Batting: SHB Franck Kooijmans 0-0: Ground out 6-3 (Groundball, 6S)
Adrián Medina scores
Nelson Morán to third
Brenton Winston to second
Batting: LHB Tom Burton 0-0: Called Strike
0-1: Fly out, F9 (Flyball, 9S)
Top of the 2nd over - 3 runs, 4 hits, 0 errors, 2 left on base; Syracuse 3 - Belleville 1
BOTTOM OF THE 2ND
Belleville Bulls batting - Pitching for Syracuse Storm : LHP Jorge Gonzáles
Batting: LHB Juan Rodríguez 0-0: Ball
1-0: Ball
2-0: SINGLE (Groundball, 4D)
Batting: RHB Cheh Zhi 0-0: Ball
Throwing error on steal attempt, E2
Juan Rodríguez to third
1-0: Fly out, F7 (Flyball, 78D)
Runner from 3rd tags up, SCORES, throw made
Batting: LHB Don McGhee 0-0: Ball
1-0: Foul Ball, location: 2F
1-1: Ball
2-1: Swinging Strike
2-2: Foul Ball, location: 2F
2-2: Ball
3-2: Ground out U3 (Groundball, 3)
Batting: RHB Rich Lucas 0-0: Ground out 5-3 (Groundball, 56)
Bottom of the 2nd over - 1 run, 1 hit, 1 error, 0 left on base; Syracuse 3 - Belleville 2
TOP OF THE 3RD
Syracuse Storm batting - Pitching for Belleville Bulls : RHP Yoshihide Hirata
Batting: RHB Dale Goodman 0-0: Swinging Strike
0-1: Ball
1-1: Ball
2-1: Ground out 5-3 (Groundball, 56)
Batting: RHB Dave Maxwell 0-0: Swinging Strike
0-1: Fly out, F8 (Flyball, 8RD)
Batting: RHB Sadakuno Hashimoto 0-0: Foul Ball, location: 2F
0-1: Ball
1-1: Ground out 6-3 (Groundball, 6)
Top of the 3rd over - 0 runs, 0 hits, 0 errors, 0 left on base; Syracuse 3 - Belleville 2
BOTTOM OF THE 3RD
Belleville Bulls batting - Pitching for Syracuse Storm : LHP Jorge Gonzáles
Batting: RHB Chi-hyeong Kim 0-0: Ball
1-0: Ball
2-0: Called Strike
2-1: SINGLE (Groundball, 34D)
Batting: SHB Júlio Moreno 0-0: Swinging Strike
0-1: Ball
1-1: Ball
2-1: Ball
3-1: Base on Balls
Chi-hyeong Kim to second
Batting: RHB Zack McLean 0-0: Foul Ball, location: 2F
0-1: Swinging Strike
0-2: Ball
1-2: Ball
2-2: Foul Ball, location: 2F
2-2: Foul Ball, location: 2F
2-2: Ball
3-2: Foul Ball, location: 2F
3-2: 3-RUN HOME RUN (Flyball, 7LD), Distance : 380 ft
Batting: RHB Rey McSriff 0-0: Called Strike
0-1: Foul Ball, location: 2F
0-2: Fly out, F7 (Line Drive, 7D)
Batting: RHB Silvian Burger 0-0: Ball
1-0: Ball
2-0: Foul Ball, location: 2F
2-1: Ball
3-1: Base on Balls
Batting: LHB Juan Rodríguez 0-0: Ball
Silvian Burger is caught stealing 2nd base
1-0: Ball
2-0: Ground out 1-3 (Groundball, 15)
Bottom of the 3rd over - 3 runs, 2 hits, 0 errors, 0 left on base; Syracuse 3 - Belleville 5
TOP OF THE 4TH
Syracuse Storm batting - Pitching for Belleville Bulls : RHP Yoshihide Hirata
Batting: RHB Sylvester Robinson 0-0: Ball
1-0: Ball
2-0: Foul Ball, location: 2F
2-1: Foul Ball, location: 2F
2-2: Foul Ball, location: 2F
2-2: Foul Ball, location: 2F
2-2: Strikes out looking
Batting: RHB Adrián Medina 0-0: Ball
1-0: Ball
2-0: Ground out 1-3 (Groundball, 13S)
Batting: RHB Nelson Morán 0-0: Ball
1-0: Called Strike
1-1: Ball
2-1: Foul Ball, location: 2F
2-2: Foul Ball, location: 2F
2-2: Ball
3-2: Fly out, F8 (Flyball, 8RD)
Top of the 4th over - 0 runs, 0 hits, 0 errors, 0 left on base; Syracuse 3 - Belleville 5
BOTTOM OF THE 4TH
Belleville Bulls batting - Pitching for Syracuse Storm : LHP Jorge Gonzáles
Batting: RHB Cheh Zhi 0-0: Called Strike
0-1: Ball
1-1: Foul Ball, location: 2F
1-2: Ground out 4-3 (Groundball, 4)
Batting: LHB Don McGhee 0-0: Ball
1-0: Ball
2-0: Ball
3-0: Base on Balls
Batting: RHB Rich Lucas 0-0: Ball
1-0: Called Strike
1-1: Foul Ball, location: 2F
1-2: Ball
2-2: Ball
3-2: Fly out, F6 (Flyball, 6D)
Batting: RHB Chi-hyeong Kim 0-0: Called Strike
0-1: Ball
1-1: Called Strike
1-2: Strikes out swinging
Bottom of the 4th over - 0 runs, 0 hits, 0 errors, 1 left on base; Syracuse 3 - Belleville 5
TOP OF THE 5TH
Syracuse Storm batting - Pitching for Belleville Bulls : RHP Yoshihide Hirata
Batting: LHB Brenton Winston 0-0: Called Strike
0-1: Swinging Strike
0-2: Strikes out swinging
Batting: SHB Franck Kooijmans 0-0: Called Strike
0-1: Ball
1-1: Foul Ball, location: 2F
1-2: Ground out 6-3 (Groundball, 56)
Batting: LHB Tom Burton 0-0: Ball
1-0: Swinging Strike
1-1: Fly out, F7 (Flyball, 7)
Top of the 5th over - 0 runs, 0 hits, 0 errors, 0 left on base; Syracuse 3 - Belleville 5
BOTTOM OF THE 5TH
Belleville Bulls batting - Pitching for Syracuse Storm : LHP Jorge Gonzáles
Batting: SHB Júlio Moreno 0-0: Called Strike
0-1: DOUBLE (Line Drive, 7LD)
Batting: RHB Zack McLean 0-0: SINGLE (Flyball, 9LS)
Júlio Moreno to third
Batting: RHB Rey McSriff 0-0: Ball
1-0: Fly out, F7 (Flyball, 7S)
Batting: RHB Silvian Burger 0-0: Ball
1-0: Called Strike
1-1: Ball
2-1: Called Strike
2-2: Ball
3-2: Fly out, F7 (Flyball, 7)
Runner from 3rd tags up, SCORES, throw made
Batting: LHB Juan Rodríguez 0-0: Called Strike
0-1: Ball
1-1: Fly out, F8 (Flyball, 89D)
Bottom of the 5th over - 1 run, 2 hits, 0 errors, 1 left on base; Syracuse 3 - Belleville 6
TOP OF THE 6TH
Syracuse Storm batting - Pitching for Belleville Bulls : RHP Yoshihide Hirata
Batting: RHB Dale Goodman 0-0: Called Strike
0-1: Ball
1-1: Called Strike
1-2: Foul Ball, location: 2F
1-2: Ball
2-2: Ball
3-2: SINGLE (Line Drive, 78S)
Batting: RHB Dave Maxwell 0-0: Called Strike
Dale Goodman steals 2nd base
0-1: Ball
1-1: Ball
2-1: Foul Ball, location: 2F
2-2: Ball
3-2: Base on Balls
Batting: RHB Sadakuno Hashimoto 0-0: Foul Ball, location: 2F
0-1: Ball
1-1: Called Strike
1-2: Fly out, F6 (Line Drive, 6M)
Batting: RHB Sylvester Robinson 0-0: Ball
1-0: Fielders Choice at 2nd, 1-6 (Groundball, P)
Dale Goodman to third
Batting: RHB Adrián Medina 0-0: Foul Ball, location: 2F
0-1: Ground out 4-3 (Groundball, 4S)
Top of the 6th over - 0 runs, 1 hit, 0 errors, 2 left on base; Syracuse 3 - Belleville 6
BOTTOM OF THE 6TH
Belleville Bulls batting - Pitching for Syracuse Storm : LHP Jorge Gonzáles
Pitching: LHP Francisco Ortíz
Batting: RHB Cheh Zhi 0-0: Called Strike
0-1: Foul Ball, location: 2F
0-2: Ball
1-2: Foul Ball, location: 2F
1-2: Foul Ball, location: 2F
1-2: Strikes out swinging
Batting: LHB Don McGhee 0-0: Ball
1-0: Ball
2-0: Ball
3-0: Called Strike
3-1: Called Strike
3-2: Foul Ball, location: 2F
3-2: Strikes out swinging
Batting: RHB Rich Lucas 0-0: Ball
1-0: Ball
2-0: Ball
3-0: Called Strike
3-1: Called Strike
3-2: Ground out 3-1 (Groundball, 34)
Bottom of the 6th over - 0 runs, 0 hits, 0 errors, 0 left on base; Syracuse 3 - Belleville 6
TOP OF THE 7TH
Syracuse Storm batting - Pitching for Belleville Bulls : RHP Yoshihide Hirata
Batting: RHB Nelson Morán 0-0: Called Strike
0-1: Ball
1-1: Ball
2-1: Fly out, F4 (Popup, 34D)
Batting: LHB Brenton Winston 0-0: Called Strike
0-1: Ground out U3 (Groundball, 3)
Batting: SHB Franck Kooijmans 0-0: Foul Ball, location: 2F
0-1: Ball
1-1: Called Strike
1-2: Ball
2-2: Ball
3-2: Fly out, F9 (Flyball, 89S)
Top of the 7th over - 0 runs, 0 hits, 0 errors, 0 left on base; Syracuse 3 - Belleville 6
BOTTOM OF THE 7TH
Belleville Bulls batting - Pitching for Syracuse Storm : LHP Francisco Ortíz
Batting: RHB Chi-hyeong Kim 0-0: Ball
1-0: Ball
2-0: Ball
3-0: Called Strike
3-1: Base on Balls
Batting: SHB Júlio Moreno 0-0: Bunted foul
0-1: Ball
1-1: Ball
2-1: Ball
3-1: Sac Bunt - play at first, batter safe!
Chi-hyeong Kim to second
Batting: RHB Zack McLean 0-0: Called Strike
0-1: Foul Ball, location: 2F
0-2: Foul Ball, location: 2F
0-2: Strikes out swinging
Batting: RHB Rey McSriff 0-0: Ball
1-0: Grounds into double play, 4-6-3 (Groundball, 4D)
Bottom of the 7th over - 0 runs, 1 hit, 0 errors, 1 left on base; Syracuse 3 - Belleville 6
TOP OF THE 8TH
Syracuse Storm batting - Pitching for Belleville Bulls : RHP Yoshihide Hirata
Batting: LHB Tom Burton 0-0: Ball
1-0: Foul Ball, location: 2F
1-1: Swinging Strike
1-2: Foul Ball, location: 2F
1-2: Foul Ball, location: 2F
1-2: Ball
2-2: Ball
3-2: SINGLE (Flyball, 8LS)
Batting: RHB Dale Goodman 0-0: Ball
1-0: Ball
2-0: Called Strike
2-1: Fly out, F8 (Flyball, 8LD)
Batting: RHB Dave Maxwell 0-0: SINGLE (Flyball, 9LS)
Tom Burton to second
Runner from 2nd tries for 3rd, SAFE, throw made to third
Batting: RHB Sadakuno Hashimoto 0-0: Called Strike
0-1: Ball
1-1: Ball
2-1: SINGLE (Line Drive, 5)
Tom Burton scores
Dave Maxwell to second
Batting: RHB Sylvester Robinson 0-0: Ball
1-0: Foul Ball, location: 2F
1-1: Foul Ball, location: 2F
1-2: Ball
2-2: SINGLE (Flyball, 78M)
Dave Maxwell to third
Sadakuno Hashimoto to second
Pitching: RHP Hao Che
Pinch Hitting: RHB Juan Perales 0-0: Ball
1-0: Swinging Strike
1-1: Ball
2-1: Called Strike
2-2: Strikes out looking and he ARGUES THE CALL AND IS TOSSED!
Batting: RHB Nelson Morán 0-0: SINGLE (Line Drive, 56D)
Dave Maxwell scores
Sadakuno Hashimoto to third
Sylvester Robinson to second
Runner from 3rd tries for Home, throw and OUT!
Top of the 8th over - 2 runs, 5 hits, 0 errors, 2 left on base; Syracuse 5 - Belleville 6
BOTTOM OF THE 8TH
Belleville Bulls batting - Pitching for Syracuse Storm : LHP Francisco Ortíz
Now at 2B: Phil Beck
Batting: RHB Silvian Burger 0-0: Ball
1-0: Ball
2-0: Swinging Strike
2-1: Ground out 6-3 (Groundball, 6M)
Batting: LHB Juan Rodríguez 0-0: Ball
1-0: Foul Ball, location: 2F
1-1: SINGLE (Groundball, 34D)
Batting: RHB Cheh Zhi 0-0: Ball
1-0: Ball
2-0: Called Strike
2-1: Foul Ball, location: 2F
2-2: Ball
3-2: DOUBLE (Groundball, 5L)
Juan Rodríguez to third
Juan Rodríguez scores
Pitching: RHP Pancho Chacón
Batting: LHB Don McGhee 0-0: Intentional Walk
Batting: RHB Rich Lucas 0-0: Foul Ball, location: 2F
0-1: Ball
1-1: Foul Ball, location: 2F
1-2: Foul Ball, location: 2F
1-2: Reached on error, E4 (Groundball, 4)
Cheh Zhi to third
Don McGhee to second
Batting: RHB Chi-hyeong Kim 0-0: Called Strike
0-1: Ball
1-1: Foul Ball, location: 2F
1-2: Strikes out looking
Batting: SHB Júlio Moreno 0-0: Called Strike
0-1: Called Strike
0-2: Ball
1-2: Strikes out swinging
Bottom of the 8th over - 1 run, 2 hits, 1 error, 3 left on base; Syracuse 5 - Belleville 7
TOP OF THE 9TH
Syracuse Storm batting - Pitching for Belleville Bulls : RHP Hao Che
Batting: LHB Brenton Winston 0-0: Ball
1-0: Foul Ball, location: 2F
1-1: Swinging Strike
1-2: Foul Ball, location: 2F
1-2: SINGLE (Groundball, 6D)
Batting: SHB Franck Kooijmans 0-0: Foul Ball, location: 2F
0-1: Ball
1-1: Swinging Strike
1-2: Grounds into double play, 6-4-3 (Groundball, 6)
Batting: LHB Tom Burton 0-0: Called Strike
0-1: Ball
1-1: SINGLE (Groundball, 34D)
Batting: RHB Dale Goodman 0-0: Ball
1-0: Ball
2-0: Swinging Strike
2-1: Swinging Strike
2-2: Foul Ball, location: 2F
2-2: Foul Ball, location: 2F
2-2: Strikes out swinging
Top of the 9th over - 0 runs, 2 hits, 0 errors, 1 left on base; Syracuse 5 - Belleville 7
Saturday, December 22nd, 2018 - OOTP Baseball 18.8 Build 76